 Dungeon Crawl Stone Soup version 0.17-a0-2147-gfb20a63 (webtiles) character file.

175 matakusis the Ducker (level 5, 0/39 HPs)
             Began as a Demonspawn Gladiator on Oct 24, 2015.
             Slain by Grinder (2 damage)
             ... on level 4 of the Dungeon.
             The game lasted 00:10:32 (3320 turns).

matakusis the Ducker (Demonspawn Gladiator)         Turns: 3320, Time: 00:10:33

Health: 0/39       AC:  7    Str: 16    XL:     5   Next: 29%
Magic:  5/5        EV: 13    Int: 11    God:
Gold:   238        SH:  0    Dex: 13    Spells: 0 memorised, 4 levels left

rFire  . . .     SeeInvis .     a - +1 war axe
rCold  . . .     Clarity  .     b - +1 leather armour
rNeg   . . .     SustAt   .     (no shield)
rPois  .         Gourm    .     c - +0 helmet
rElec  .         Spirit   .     (no cloak)
rCorr  .         Warding  .     (no gloves)
rMut   .         Stasis   .     (no boots)
MR     .....                    (no amulet)
Stlth  +.........               (no ring)
                                (no ring)

@: drained, not resistant to hostile enchantments, very unstealthy
A: rough black scales 1, clever 1, deformed body, mutation resistance 1
a: no special abilities


You were on level 4 of the Dungeon.
You were not hungry.

You visited 1 branch of the dungeon, and saw 4 of its levels.

You collected 238 gold pieces.

Inventory:

Hand Weapons
 a - a +1 war axe (weapon)
Missiles
 d - 3 throwing nets (quivered)
 l - 2 curare-tipped needles
 v - 2 tomahawks
Armour
 b - a +1 leather armour (worn)
 c - a +0 helmet (worn)
Scrolls
 j - 2 scrolls of teleportation
 m - a scroll of recharging
 n - a scroll of blinking
 p - a scroll of identify
 r - 4 scrolls of remove curse
Potions
 f - a potion of flight
Comestibles
 e - 4 bread rations
 g - a meat ration
 i - 2 slices of pizza
 k - a beef jerky
 o - 4 chunks of flesh
 s - 4 fruits


   Skills:
 + Level 2.4 Fighting
 + Level 3.3(3.2) Axes
 + Level 2.1 Throwing
 + Level 1.5(1.4) Armour
 * Level 4.3(4.2) Dodging


You had 4 spell levels left.
You didn't know any spells.

Dungeon Overview and Level Annotations

Branches:
Dungeon (4/15)
 Temple: D:4-7

Altars:

Annotations:
D:4 Grinder


Innate Abilities, Weirdness & Mutations

You are partially covered in rough black scales (AC +4, Dex -1).
Your mind is acute. (Int +2)
Armour fits poorly on your strangely shaped body.
You are somewhat resistant to further mutation.


Message History

Grinder completely misses you.
Unknown command.
You hit Grinder but do no damage.
Grinder is moderately wounded.
Grinder grins, showing sharp teeth.
Grinder barely misses you. Grinder closely misses you.
You closely miss Grinder.
Grinder is moderately wounded.
Grinder hits you.
You writhe in agony.
* * * LOW HITPOINT WARNING * * *
You closely miss Grinder.
Grinder is moderately wounded.
Grinder hits you but does no damage.
You slash Grinder!
Grinder is heavily wounded.
Grinder says, "Tell me all your secrets, or I'll kill you."
Grinder hits you.
* * * LOW HITPOINT WARNING * * *
You writhe in agony.
You die...

#....###..#.......
#....###..####+#..
#.....#.....
+.....# ....
#.....# <..
#.....# ....
#.....#.....
#.....'......
####@#######+
#....5.......
#............
#............
#............
#............
#............
#............


You could see Grinder.

Vanquished Creatures
  An orc wizard (D:3)
  Ijyb (D:2)
  Robin (D:3)
  4 adders
  A worm (D:2)
  3 giant geckos
  4 orcs (D:3)
  2 ball pythons
  2 bats
  7 giant cockroaches
  8 hobgoblins
  2 jackals (D:2)
  7 kobolds
  A quokka (D:2)
  4 giant newts
  12 goblins
  6 rats
66 creatures vanquished.

Notes
Turn   | Place    | Note
--------------------------------------------------------------
     0 | D:1      | matakusis the Demonspawn Gladiator began the quest for the Orb.
     0 | D:1      | Reached XP level 1. HP: 16/16 MP: 1/1
   561 | D:1      | Reached skill level 3 in Dodging
   598 | D:1      | Gained mutation: You are partially covered in rough black scales (AC +4, Dex -1). [demonic ancestry]
   598 | D:1      | Reached XP level 2. HP: 20/22 MP: 2/2
  1236 | D:2      | Noticed Ijyb
  1251 | D:2      | Killed Ijyb
  1251 | D:2      | Reached XP level 3. HP: 15/27 MP: 3/3
  1544 | D:2      | Reached skill level 1 in Armour
  1544 | D:2      | Reached XP level 4. HP: 23/33 MP: 4/4
  2473 | D:3      | Reached skill level 4 in Dodging
  2799 | D:3      | Noticed Robin
  2802 | D:3      | Reached XP level 5. HP: 37/39 MP: 5/5
  2805 | D:3      | Killed Robin
  3309 | D:4      | Noticed Grinder
  3315 | D:4      | Gained mutation: Armour fits poorly on your strangely shaped body. [potion of mutation]
  3315 | D:4      | Gained mutation: Your mind is acute. (Int +2) [potion of mutation]
  3315 | D:4      | Gained mutation: You are somewhat resistant to further mutation. [potion of mutation]
  3320 | D:4      | Slain by Grinder

Vault maps used:
D:1:      minmay_arrival_solitary_statue
D:2:      uniq_iyjb
D:3:      first_bread, uniq_robin
D:4:      vehumet_altar_wand_db, minmay_temple_entry_trees, uniq_grinder,
          uniq_pikel

Action                   |  1- 3 |  4- 6 || total
-------------------------+-------+-------++-------
Melee: War axe           |   139 |    99 ||   238
  Use: Scroll            |       |    10 ||    10
       Potion            |       |     2 ||     2
  Eat: Chunk             |     2 |     6 ||     8
